 Dungeon Crawl Stone Soup version 0.22-a0-322-g60b3cfd (webtiles) character file.

166 xccam the Sneak (level 5, -14/64 HPs)
             Began as a Gnoll Wanderer on Apr 3, 2018.
             Killed from afar by Nattefrost's ghost (15 damage)
             ... with a shard of ice
             ... on level 3 of the Dungeon.
             The game lasted 00:04:58 (2147 turns).

xccam the Sneak (Gnoll Wanderer)                    Turns: 2147, Time: 00:04:58

Health: -14/64     AC: 12    Str: 19    XL:     5   Next: 47%
Magic:  7/7        EV:  8    Int: 17    God:
Gold:   154        SH:  0    Dex: 13    Spells: 6/6 levels left

rFire    . . .     SeeInvis .   a - +2 hand axe
rCold    . . .     Gourm    .   (no shield)
rNeg     . . .     Faith    .   p - +0 chain mail (curse)
rPois    .         Spirit   .   v - +0 helmet
rElec    .         Reflect  .   i - scarf {cloud immunity}
rCorr    .         Harm     .   (no gloves)
MR       .....                  (no boots)
Stlth    ..........             (no amulet)
HPRegen  0.20/turn              f - +2 ring of protection
MPRegen  0.10/turn              (no ring)

@: mighty, berserking, very quick
A: distributed training, fangs 1, strong nose
a: no special abilities


You were on level 3 of the Dungeon.
You were not hungry.

You visited 1 branch of the dungeon, and saw 3 of its levels.

You collected 154 gold pieces.

Inventory:

Hand Weapons
 a - a +2 hand axe (weapon)
Missiles
 c - 39 arrows
Armour
 i - a scarf of cloud immunity (worn)
 j - a +0 scale mail
 p - a cursed +0 chain mail (worn)
 v - a +0 helmet (worn)
Jewellery
 f - a +2 ring of protection (left hand)
Scrolls
 b - a scroll of blinking
 d - 2 scrolls of teleportation
 l - a scroll of amnesia
 n - a scroll of fear {unknown}
 o - a scroll of immolation {unknown}
 t - 2 scrolls of identify {unknown}
Potions
 e - a potion of heal wounds {unknown}
 h - 2 potions of agility {unknown}
 q - 2 potions of ambrosia
 u - a potion of berserk rage
Comestibles
 g - 9 rations


   Skills:
 + Level 4.8 Fighting
 + Level 1.4 Short Blades
 + Level 1.4 Long Blades
 + Level 4.8 Axes
 + Level 1.4 Maces & Flails
 + Level 1.4 Polearms
 + Level 1.4 Staves
 + Level 1.4 Slings
 + Level 1.4 Bows
 + Level 1.4 Crossbows
 + Level 1.4 Throwing
 + Level 4.8 Armour
 + Level 1.4 Dodging
 + Level 6.1 Stealth
 + Level 3.0 Shields
 + Level 1.4 Unarmed Combat
 + Level 1.4 Spellcasting
 + Level 1.1 Conjurations
 + Level 1.1 Hexes
 + Level 1.1 Charms
 + Level 1.1 Summonings
 + Level 1.1 Necromancy
 + Level 1.1 Translocations
 + Level 1.1 Transmutations
 + Level 1.1 Fire Magic
 + Level 1.1 Ice Magic
 + Level 1.1 Air Magic
 + Level 1.1 Earth Magic
 + Level 1.1 Poison Magic
 + Level 1.6 Invocations
 + Level 1.4 Evocations


You had 6 spell levels left.
You didn't know any spells.

Dungeon Overview and Level Annotations

Branches:
Dungeon (3/15)

Altars:
Vehumet
The Shining One

Annotations:
D:3 Nattefrost's ghost, amateur GnIE


Innate Abilities, Weirdness & Mutations

Your experience applies equally to all skills.
You have very sharp teeth.
Your uncanny sense of smell can sniff out nearby items.


Message History

Unknown command.
You barely miss Nattefrost's ghost.
Nattefrost's ghost is moderately damaged.
You hit the goblin.
You kill the goblin!
Nattefrost's ghost closely misses you.
Unknown command.
You closely miss Nattefrost's ghost.
Nattefrost's ghost is moderately damaged.
Unknown command.
Your chain mail prevents you from hitting Nattefrost's ghost.
You bite Nattefrost's ghost!
Nattefrost's ghost is severely damaged.
Nattefrost's ghost barely misses you.
Unknown command.
You slash Nattefrost's ghost!
Nattefrost's ghost is almost destroyed.
Nattefrost's ghost gestures at you while chanting.
The shard of ice hits you!
You die...

##### .... #########
#.. #... ..# ####
###..###.## #.# ##...
#...)@...##.##?###..#.
#.#.W###.##.....†..###
#.. #.#####.###..#.
...( #..†....# ##...
#.#(# ######### ##.<.
∆ #.(. #...# ###(
..####...# #(
.........( ..#####)##


You could see Nattefrost's ghost.

Vanquished Creatures
  Robin (D:3)
  7 adders
  An ooze (D:1)
  A worm (D:3)
  A dart slug (D:2)
  A leopard gecko (D:2)
  5 orcs (D:3)
  5 bats
  A giant cockroach (D:3)
  17 goblins
  9 hobgoblins
  5 jackals
  3 quokkas
  2 frilled lizards
  6 kobolds
  8 rats
73 creatures vanquished.

Notes
Turn   | Place    | Note
-------+----------+-------------------------------------------
     0 | D:1      | xccam the Gnoll Wanderer began the quest for the Orb.
     0 | D:1      | xccam set off with: a +2 hand axe, a +0 shortbow, 29 arrows, a scroll of teleportation, a +0 robe, a +0 dagger, a ration
     0 | D:1      | Reached XP level 1. HP: 20/20 MP: 1/1
   130 | D:1      | Reached XP level 2. HP: 20/26 MP: 2/2
   743 | D:2      | Reached XP level 3. HP: 29/31 MP: 3/3
   767 | D:2      | Reached skill level 6 in Stealth
   850 | D:2      | Reached skill level 1 in Invocations
  1070 | D:2      | You fall through a shaft!
  1091 | D:3      | Noticed Nattefrost's ghost (amateur GnIE)
  1224 | D:2      | Reached skill level 1 in Short Blades
  1224 | D:2      | Reached skill level 1 in Long Blades
  1224 | D:2      | Reached skill level 1 in Maces & Flails
  1224 | D:2      | Reached skill level 1 in Polearms
  1224 | D:2      | Reached skill level 1 in Staves
  1224 | D:2      | Reached skill level 1 in Slings
  1224 | D:2      | Reached skill level 1 in Bows
  1224 | D:2      | Reached skill level 1 in Crossbows
  1224 | D:2      | Reached skill level 1 in Throwing
  1224 | D:2      | Reached skill level 1 in Dodging
  1224 | D:2      | Reached skill level 1 in Unarmed Combat
  1224 | D:2      | Reached skill level 1 in Spellcasting
  1224 | D:2      | Reached skill level 1 in Evocations
  1366 | D:3      | Found a radiant altar of Vehumet.
  1368 | D:3      | Reached XP level 4. HP: 38/38 MP: 5/5
  1521 | D:3      | Reached skill level 1 in Conjurations
  1521 | D:3      | Reached skill level 1 in Hexes
  1521 | D:3      | Reached skill level 1 in Charms
  1521 | D:3      | Reached skill level 1 in Summonings
  1521 | D:3      | Reached skill level 1 in Necromancy
  1521 | D:3      | Reached skill level 1 in Translocations
  1521 | D:3      | Reached skill level 1 in Transmutations
  1521 | D:3      | Reached skill level 1 in Fire Magic
  1521 | D:3      | Reached skill level 1 in Ice Magic
  1521 | D:3      | Reached skill level 1 in Air Magic
  1521 | D:3      | Reached skill level 1 in Earth Magic
  1521 | D:3      | Reached skill level 1 in Poison Magic
  1754 | D:3      | Noticed Robin
  1770 | D:3      | Reached XP level 5. HP: 22/43 MP: 6/6
  1779 | D:3      | Killed Robin
  1981 | D:3      | Found a glowing golden altar of the Shining One.
  2142 | D:3      | HP: 2/64 [Nattefrost's ghost/shard of ice (20)]
  2147 | D:3      | Killed from afar by Nattefrost's ghost

Vault maps used:
D:1:      saegor_arrival_simple_d
D:3:      nicolae_overflow_crystal_walls, overflow_temple_1_default, uniq_robin

Skill      XL: |  1  2  3  4  5 |
---------------+----------------+-----
Stealth        | 6 |  6.1
Invocations    | 1 |  1.6
Short Blades   | 1 |  1.4
Long Blades    | 1 |  1.4
Maces & Flails | 1 |  1.4
Polearms       | 1 |  1.4
Staves         | 1 |  1.4
Slings         | 1 |  1.4
Bows           | 1 |  1.4
Crossbows      | 1 |  1.4
Throwing       | 1 |  1.4
Dodging        | 1 |  1.4
Unarmed Combat | 1 |  1.4
Spellcasting   | 1 |  1.4
Evocations     | 1 |  1.4
Conjurations   | 1 |  1.1
Hexes          | 1 |  1.1
Charms         | 1 |  1.1
Summonings     | 1 |  1.1
Necromancy     | 1 |  1.1
Translocations | 1 |  1.1
Transmutations | 1 |  1.1
Fire Magic     | 1 |  1.1
Ice Magic      | 1 |  1.1
Air Magic      | 1 |  1.1
Earth Magic    | 1 |  1.1
Poison Magic   | 1 |  1.1
Shields        | 3 |  3.0
Fighting       | |  4.8
Axes           | |  4.8
Armour         | |  4.8

Action                   |  1- 3 |  4- 6 || total
-------------------------+-------+-------++-------
Melee: Hand axe          |   100 |    83 ||   183
       Bite              |     7 |     4 ||    11
       Punch             |       |     1 ||     1
Throw: Javelin           |       |     8 ||     8
       Tomahawk          |       |     4 ||     4
  Use: Scroll            |     5 |       ||     5
       Potion            |       |     3 ||     3
 Stab: Sleeping          |     5 |       ||     5
  Eat: Chunk             |     2 |     2 ||     4
Armor: Robe              |     4 |       ||     4
       Scale mail        |    37 |    46 ||    83
       Chain mail        |       |    14 ||    14
Dodge: Dodged            |    53 |    63 ||   116

Table legend:
 A = Spawn XP
 B = Non-spawn XP
 C = Spawn XP percentage of total XP
 D = Spawn monster count
 E = Non-spawn monster count
 F = Spawn count percentage of total count
 G = Total turns spent on level
                    A         B        C        D         E        F      G
               +---------+---------+-------+---------+---------+-------+---------
         Total |       0 |     238 |   0.0 |       0 |      73 |   0.0 |  2147
               +---------+---------+-------+---------+---------+-------+---------
           D:1 |       0 |      33 |   0.0 |       0 |      19 |   0.0 |   737
           D:2 |       0 |      48 |   0.0 |       0 |      19 |   0.0 |   600
           D:3 |       0 |     157 |   0.0 |       0 |      35 |   0.0 |   810
               +---------+---------+-------+---------+---------+-------+---------
